 Dungeon Crawl Stone Soup version 0.27-a0-512-g57cc695410 (webtiles) character file.

Game seed: 5251864650986264237

883310 Anon1729 the Shapeless Merfolk (level 27, -1/342 HPs)
             Began as a Merfolk Transmuter on Mar 3, 2021.
             Was a High Priest of Cheibriados.
             Killed by divine providence
             ... invoked by a balrug
              (15 damage)
             ... on level 20 of a ziggurat.
             The game lasted 04:05:53 (84640 turns).

Anon1729 the Shapeless Merfolk (MfTm)              Turns: 84640, Time: 04:05:54

Health: -1/342     AC: 20    Str: 43    XL:     27
Magic:  8/43       EV: 38    Int: 36    God:    Cheibriados [*****.]
Gold:   9051       SH:  5    Dex: 34    Spells: 0/58 levels left

rFire    + + +     SeeInvis .     - Unarmed
rCold    . . .     Faith    .   (shield currently unavailable)
rNeg     + . .     Spirit   .   (armour currently unavailable)
rPois    +         Reflect  +   (helmet currently unavailable)
rElec    .         Harm     .   (cloak currently unavailable)
rCorr    .         Rampage  .   (gloves currently unavailable)
Will     +++..                  (boots currently unavailable)
Stlth    ++++++....             l - amulet "Fidaorcho" {Reflect rF++ rN+ Str+4 SH+5}
HPRegen  0.00/turn              X - ring "Afrihegh" {rC+ Str+2 Dex+3 Slay+4}
MPRegen  0.28/turn              n - ring "Xac Reask" {+Blink rF- Will+ AC+4 Dex+2}

@: mighty, dragon-form, flying, very slightly contaminated, studying 4 skills,
invisible, very slow
A: giant, (change form in water), (swift swim), (stealthy swim), sense
surroundings 1, inhibited regeneration
}: 5/15 runes: barnacled, slimy, silver, abyssal, gossamer
a: Breathe Fire, End Transformation, Renounce Religion, Evoke Blink, Bend Time,
Temporal Distortion, Slouch, Step From Time


You were on level 20 of a ziggurat.
You worshipped Cheibriados.
Cheibriados was extremely pleased with you.
You were a fearsome dragon!
You visited 14 branches of the dungeon, and saw 60 of its levels.
You visited the Abyss 1 time.
You visited 1 ziggurat, and saw 20 of its levels.
You also visited: Trove, Bailey, Gauntlet and Ice Cave.

You collected 14663 gold pieces.
You spent 5612 gold pieces at shops.

Inventory:

Missiles
 Z - 113 silver javelins
Armour
 e - the +2 faerie dragon scales (melded) {Regen+ rCorr Str-4 Dex+6}
   (You took it off the Enchantress on level 2 of the Depths)

   It affects your strength (-4).
   It affects your dexterity (+6).
   It increases your rate of regeneration.
   It provides partial protection from all sources of acid and corrosion.
 p - the +2 buckler of Masochism (melded) {rElec Regen+ Int+4}
   (You acquired it on level 17 of a ziggurat)

   It affects your intelligence (+4).
   It insulates you from electricity.
   It increases your rate of regeneration.
 v - the +1 cloak "Odae" (melded) {rC+ Regen+}
   (You found it on level 4 of the Shoals)

   It protects you from cold.
   It increases your rate of regeneration.
 y - a +2 pair of gloves of dexterity (melded)
 G - the +0 pair of boots of Vaenu (melded) {*Slow rCorr SInv Stlth+}
   (You found it on level 9 of the Dungeon)

   It lets you see invisible.
   It provides partial protection from all sources of acid and corrosion.
   It may slow you when you take damage.
   It makes you more stealthy.
 I - a +2 hat of see invisible (melded)
Jewellery
 g - the ring of Attitude {*Drain rPois rC+ Str+5 SInv}
   (You found it on level 10 of a ziggurat)

   [ring of see invisible]

   It affects your strength (+5).
   It protects you from cold.
   It protects you from poison.
   It lets you see invisible.
   It causes draining when unequipped.
 i - the amulet "Wiaz" {Faith rC+ Will+ Int+4}
   (You found it on level 6 of a ziggurat)

   [amulet of faith]

   It allows you to gain divine favour quickly.
   It affects your intelligence (+4).
   It protects you from cold.
   It affects your willpower, your defense against some magical effects.
 l - the amulet "Fidaorcho" (around neck) {Reflect rF++ rN+ Str+4 SH+5}
   (You found it in a treasure trove)

   [amulet of reflection]

   It shields you and reflects attacks.
   It affects your strength (+4).
   It greatly protects you from fire.
   It protects you from negative energy.
   It affects your SH (+5).
 n - the ring "Xac Reask" (right foreclaw) {+Blink rF- Will+ AC+4 Dex+2}
   (You found it on level 5 of the Vaults)

   [ring of protection]

   It affects your AC (+4).
   It affects your dexterity (+2).
   It makes you vulnerable to fire.
   It affects your willpower, your defense against some magical effects.
   It lets you blink.
 q - the ring "Maerchoh" {Will+ Dex+2 Slay+3}
   (You found it on level 3 of the Crypt)

   [ring of willpower]

   It affects your dexterity (+2).
   It affects your accuracy and damage with ranged weapons and melee attacks
   (+3).
   It affects your willpower, your defense against some magical effects.
 r - a ring of resist corrosion
 t - the ring "Ynacugan" {+Blink rPois rF+ Dex+6}
   (You found it on level 5 of the Pits of Slime)

   [ring of dexterity]

   It affects your dexterity (+6).
   It protects you from fire.
   It protects you from poison.
   It lets you blink.
 A - the amulet "Rymiur" {Reflect *Slow +Fly Str+3 Int+5 SH+5}
   (You found it on level 5 of the Pits of Slime)

   [amulet of reflection]

   It shields you and reflects attacks.
   It affects your strength (+3).
   It affects your intelligence (+5).
   It lets you fly.
   It may slow you when you take damage.
   It affects your SH (+5).
 X - the ring "Afrihegh" (left foreclaw) {rC+ Str+2 Dex+3 Slay+4}
   (You found it on level 8 of a ziggurat)

   [ring of protection from cold]

   It affects your strength (+2).
   It affects your dexterity (+3).
   It affects your accuracy and damage with ranged weapons and melee attacks
   (+4).
   It protects you from cold.
 Y - the ring of the Yeti {rElec rC+}
   (You took it off a yaktaur captain on level 5 of the Vaults)

   [ring of protection from cold]

   It protects you from cold.
   It insulates you from electricity.
Wands
 k - a wand of acid (44)
 o - a wand of flame (203)
 z - a wand of digging (26)
 L - a wand of iceblast (37)
 M - a wand of mindburst (48)
 N - a wand of paralysis (40)
 O - a wand of charming (19)
 S - a wand of polymorph (53)
Scrolls
 d - a scroll of silence
 h - 7 scrolls of fog
 j - 8 scrolls of immolation
 s - 13 scrolls of amnesia
 B - 37 scrolls of teleportation
 J - 7 scrolls of fear
 K - 4 scrolls of holy word
 Q - a scroll of summoning
 U - 8 scrolls of vulnerability
Potions
 b - 10 potions of might
 c - 5 potions of resistance
 x - 6 potions of flight
 C - 6 potions of attraction
 D - 3 potions of magic
 E - 2 potions of mutation
 H - 10 potions of curing
 R - 7 potions of ambrosia
 T - a potion of cancellation
 V - 4 potions of invisibility
 W - a potion of brilliance
Miscellaneous
 f - a tin of tremorstones (2/2)
 m - a phantom mirror
 u - a condenser vane
 F - a box of beasts
 P - a lightning rod (4/4)


   Skills:
 - Level 21.3 Fighting
 - Level 25.2 Dodging
 - Level 12.0 Stealth
 - Level 16.0 Unarmed Combat
 - Level 16.0 Spellcasting
 + Level 9.5 Conjurations
 * Level 10.0 Necromancy
 - Level 17.9 Translocations
 O Level 27 Transmutations
 * Level 14.4 Earth Magic
 - Level 11.0 Poison Magic
 - Level 26.2 Invocations
 + Level 12.3 Evocations


You couldn't memorise any spells.
You knew the following spells:

 Your Spells              Type           Power        Failure   Level
a - Ignite Poison         Fire/Tmut/Pois 88%          1%          3
b - Wereblood             Tmut           100%         0%          2
c - Dragon Form           Tmut           61%          0%          7
d - Blade Hands           Tmut           61%          0%          5
e - Petrify               Tmut/Erth      100%         0%          4
f - Alistair's Intoxicat  Tmut/Pois      70%          0%          5
g - Eringya's Noxious Bo  Tmut/Pois      52%          1%          6
h - Statue Form           Tmut/Erth      72%          1%          6
i - Irradiate             Conj/Tmut      51%          1%          5
j - Borgnjor's Vile Clut  Necr/Erth      43%          1%          5
p - Hydra Form            Tmut           61%          0%          6
z - Manifold Assault      Tloc           100%         0%          4

Your spell library contained the following spells:

 Spells                   Type           Power        Failure   Level
 Apportation              Tloc           100%         0%          1
 Beastly Appendage        Tmut           100%         0%          1
 Sandblast                Erth           100%         0%          1
 Sting                    Tmut/Pois      100%         0%          1
 Blink                    Tloc           N/A          0%          2
 Passwall                 Tmut/Erth      90%          0%          2
 Gell's Gravitas          Tloc           51%          0%          3
 Lesser Beckoning         Tloc           51%          0%          3
 Spider Form              Tmut/Pois      52%          0%          3
 Teleport Other           Tloc           100%         0%          3
 Passage of Golubria      Tloc           N/A          0%          4
 Animate Skeleton         Necr           100%         1%          1
 Corona                   Hex            31%          1%          1
 Foxfire                  Conj/Fire      100%         1%          1
 Freeze                   Ice            100%         1%          1
 Magic Dart               Conj           100%         1%          1
 Pain                     Necr           100%         1%          1
 Shock                    Conj/Air       100%         1%          1
 Summon Small Mammal      Summ           100%         1%          1
 Call Imp                 Summ           28%          1%          2
 Corpse Rot               Necr/Air       N/A          1%          2
 Ensorcelled Hibernation  Hex/Ice        56%          1%          2
 Poisonous Vapours        Pois/Air       100%         1%          2
 Searing Ray              Conj           100%         1%          2
 Slow                     Hex            28%          1%          2
 Sublimation of Blood     Necr           39%          1%          2
 Swiftness                Air            28%          1%          2
 Conjure Flame            Conj/Fire      58%          1%          3
 Dazzling Flash           Conj/Hex       100%         1%          3
 Mephitic Cloud           Conj/Pois/Air  67%          1%          3
 Portal Projectile        Hex/Tloc       100%         1%          3
 Static Discharge         Conj/Air       58%          1%          3
 Stone Arrow              Conj/Erth      100%         1%          3
 Vampiric Draining        Necr           39%          1%          3
 Animate Armour           Summ/Erth      100%         1%          4
 Animate Dead             Necr           39%          1%          4
 Dispel Undead            Necr           79%          1%          4
 Fulminant Prism          Conj/Hex       29%          1%          4
 Hailstorm                Conj/Ice       58%          1%          4
 Ice Form                 Ice/Tmut       90%          1%          4
 Iskenderun's Mystic Bla  Conj/Tloc      91%          1%          4
 Leda's Liquefaction      Hex/Erth       34%          1%          4
 Olgreb's Toxic Radiance  Pois           83%          1%          4
 Agony                    Necr           79%          1%          5
 Bolt of Magma            Conj/Fire/Erth 36%          1%          5
 Excruciating Wounds      Necr           39%          1%          5
 Iskenderun's Battlesphe  Conj           78%          1%          5
 Lee's Rapid Deconstruct  Erth           46%          1%          5
 Summon Forest            Summ/Tloc      38%          1%          5
 Yara's Violent Unravell  Hex/Tmut       45%          1%          5
 Dispersal                Tloc           51%          1%          6
 Iron Shot                Conj/Erth      43%          1%          6
 Call Canine Familiar     Summ           28%          3%          3
 Confusing Touch          Hex            28%          3%          3
 Frozen Ramparts          Ice            56%          3%          3
 Inner Flame              Hex/Fire       28%          3%          3
 Ozocubu's Armour         Ice            28%          3%          3
 Summon Guardian Golem    Hex/Summ       28%          3%          3
 Tukima's Dance           Hex            28%          3%          3
 Death Channel            Necr           39%          3%          6
 Fireball                 Conj/Fire      29%          4%          5
 Lightning Bolt           Conj/Air       29%          4%          5
 Disjunction              Tloc           51%          5%          8
 Airstrike                Air            14%          12%         4
 Cause Fear               Hex            14%          12%         4
 Summon Ice Beast         Ice/Summ       28%          12%         4
 Summon Lightning Spire   Summ/Air       28%          12%         4
 Orb of Destruction       Conj           39%          22%         7
 Simulacrum               Ice/Necr       30%          24%         6
 Conjure Ball Lightning   Conj/Air       29%          26%         6
 Starburst                Conj/Fire      29%          26%         6
 Malign Gateway           Summ/Tloc      38%          26%         7
 Metabolic Englaciation   Hex/Ice        14%          34%         5
 Silence                  Hex/Air        14%          34%         5
 Summon Mana Viper        Hex/Summ       28%          34%         5
 Freezing Cloud           Conj/Ice/Air   25%          45%         6
 Infestation              Necr           39%          80%         8
 Spellforged Servitor     Conj/Summ      29%          83%         7
 Invisibility             Hex            28%          88%         6
 Shatter                  Erth           46%          98%         9
 Ozocubu's Refrigeration  Ice            14%          100%        7
 Summon Hydra             Summ           14%          100%        7
 Discord                  Hex            14%          100%        8
 Ignition                 Fire           14%          100%        8
 Dragon's Call            Summ           14%          100%        9
 Tornado                  Air            14%          100%        9


Dungeon Overview and Level Annotations

Branches:
Dungeon (15/15)            Temple (1/1) D:4            Lair (6/6) D:10
 Shoals (4/4) Lair:3       Spider (4/4) Lair:3        Slime (5/5) Lair:6
    Orc (2/2) D:10            Elf (3/3) Orc:2        Vaults (5/5) D:13
  Crypt (3/3) Vaults:2       Tomb (1/3) Crypt:3      Depths (5/5) D:15
   Hell (visited)             Dis (0/7) Hell            Geh (0/7) Hell
    Coc (0/7) Hell            Tar (0/7) Hell            Zot (5/5) Depths:5
 Bailey (visited)           IceCv (visited)         Gauntlet (visited)

Altars:
Ashenzari
Cheibriados
Dithmenos
Elyvilon
Fedhas
Gozag
Hepliaklqana
Kikubaaqudgha
Makhleb
Nemelex Xobeh
Okawaru
Qazlal
Ru
Sif Muna
Trog
Uskayaw
Vehumet
Wu Jian
Xom
Yredelemnul
Zin
The Shining One
Beogh
Jiyva

Shops:
D:5 ?   D:7 =   D:15 !(*(   Orc:1 *   Orc:2 :*:(   Elf:2 :   Elf:3 *
Vaults:1 ?   Vaults:2 **   Vaults:4 *   Vaults:5 ??!   Depths:1 =::
Depths:3 ==*   Depths:4 *[!

Portals:
Hell: Depths:1 Depths:2 Depths:3 Depths:4 Depths:5
Abyss: Depths:2 Depths:3 Depths:4 Depths:5
Pandemonium: Depths:3 Depths:5

Annotations:
D:3 Natasha
Zot:1 1 transporter


Innate Abilities, Weirdness & Mutations

((You revert to your normal form in water.))
((You are very nimble and swift while swimming.))
((You are very stealthy in the water. (Stealth+)))
((You are partially covered in iridescent scales. (AC +2)))
((Armour fits poorly on your strangely shaped body.))
You passively map a small area around you.
You do not regenerate when monsters are visible.
((Your movements are slightly less encumbered by armour. (ER -2)))


Message History

You destroy the orb of fire!
Cheibriados thoroughly appreciates the change of pace.
You maul the fire giant!!!!
You kill the fire giant!
Cheibriados thoroughly appreciates the change of pace.
The fire dragon roars deafeningly!
You maul the fire dragon!!!!
You kill the fire dragon!
Cheibriados thoroughly appreciates the change of pace.
The fire dragon scales are intact enough to wear.
Your Necromancy skill increases to level 10!
You feel very mighty all of a sudden.
You maul the efreet!!!
You kill the efreet!
Cheibriados thoroughly appreciates the change of pace.
Cheibriados raises the support of your attributes as your movement slows.
Okay, then.
Casting: Manifold Assault (safe; 0% risk of failure)
Confirm with . or Enter, or press ? or * to list all spells.
Space momentarily warps into an impossible shape!
You closely miss the orb of fire.
You maul the efreet!!!!
You kill the efreet!
Cheibriados appreciates the change of pace.
You barely miss the balrug.
Okay, then.
You hit the orb of fire but do no damage.
Your tail-slap misses the orb of fire.
You claw the orb of fire!
The orb of fire is lightly damaged.
The balrug gestures at you. The sticky flame misses you.
The sticky flame misses the orb of fire.
You closely miss the orb of fire. You bite the orb of fire!
The orb of fire is lightly damaged.
The orb of fire glows red.
The fireball explodes!
The fireball engulfs you! You resist.
* * * LOW HITPOINT WARNING * * *
The fireball engulfs the orb of fire.
The orb of fire completely resists.
The balrug gestures at you. Something smites you!
You die...

▓▓▓▓▓▓▓▓▓▓▓▓▓
............▓
*,............▓
............▓
,.....§§§§...▓
....§[§§§...▓
.....§*D§2..▓▓▓▓▓▓▓▓▓▓▓
,
...C.§§§§.............▓
,,
......§§....[.........▓
.....§..).............▓
,
...............☼......▓
.......)..............▓
,............)..☼......▓
,
.........)..)).......∩▓
, .°.....§2§○.......▓


You could see an orb of fire and a balrug.

Vanquished Creatures
  4 dread liches
  Khufu (Crypt:2)
  Mara (Depths:4)
  20 orbs of fire
  6 ancient liches
  Mennas (Crypt:2)
  3 juggernauts
  Sojobo (Vaults:2)
  2 royal mummies (Crypt:2)
  Bai Suzhen (Vaults:5)
  3 shard shrikes
  5 Killer Klowns
  6 pandemonium lords
  Saint Roka (Vaults:1)
  A caustic shrike (Zig:18)
  Geryon (Hell)
  19 golden dragons
  Nikola (Depths:2)
  5 bone dragons
  the Enchantress (Depths:2)
  Arachne (Spider:4)
  3 Tzitzimimeh
  Jorgrun (D:14)
  A hellephant (Zig:18)
  2 Hell Sentinels (Zig:8)
  15 tentacled monstrosities
  Rupert (D:14)
  4 electric golems
  25 Orb Guardians (Zot:5)
  3 Ice Fiends
  8 liches
  9 titans
  3 deep elf blademasters
  Asterion (Vaults:2)
  10 quicksilver dragons
  21 acid blobs
  2 deep elf master archers (Elf:3)
  Agnes (Vaults:2)
  4 krakens
  Murray (Hell)
  5 death cobs
  A tentacled starspawn (Abyss:2)
  Gastronok (Lair:3)
  An Executioner (Zig:12)
  2 sphinxes
  Polyphemus (Shoals:2)
  9 storm dragons
  4 draconian monks
  A thorn hunter (Zig:10)
  18 shadow dragons
  Frances (D:14)
  14 tengu reavers
  Roxanne (D:15)
  3 revenants
  13 azure jellies
  Louise (Elf:2)
  6 nagarajas
  17 fire giants
  7 ghost moths
  3 orc warlords
  8 deep elf sorcerers
  18 vault wardens
  17 frost giants
  6 iron dragons
  2 draconian scorchers
  16 draconian knights
  4 emperor scorpions
  5 deep elf elementalists (Elf:3)
  10 balrugs
  8 draconian annihilators
  5 draconian shifters
  Aizul (Depths:1)
  3 draconian stormcallers
  A blood saint (Zig:12)
  8 war gargoyles
  8 reapers
  7 ghouls
  18 ironheart preservers
  7 spriggan defenders
  30 very ugly things
  A corrupter (Zig:12)
  23 stone giants
  12 yellow draconians
  A lorocyproca (Zot:4)
  9 green draconians
  5 deep elf demonologists
  4 black suns
  9 entropy weavers
  20 white draconians
  11 vampire knights
  3 minotaurs
  16 red draconians
  2 spark wasps (Spider:4)
  18 black draconians
  10 deep elf annihilators
  10 purple draconians
  A bunyip (Zig:10)
  4 dire elephants (Zig:18)
  12 merfolk javelineers
  8 blizzard demons
  4 eleionomae
  5 jiangshi
  Snorg (D:10)
  3 eidola
  3 green deaths (Zig:14)
  9 deep elf death magi
  Josephine (Lair:5)
  9 death oozes
  3 crystal guardians (Crypt:3)
  12 ettins
  7 merfolk impalers
  7 deep elf high priests
  20 great orbs of eyes
  10 fire dragons
  31 hydras
  19 ice dragons
  16 yaktaur captains
  2 quicksilver dragon skeletons (Hell)
  8 spriggan air magi
  Erolcha (D:10)
  A boulder beetle (shapeshifter) (Vaults:5)
  35 vault guards
  2 hell beasts
  6 rakshasas
  7 catoblepae
  3 boulder beetles
  A caustic shrike simulacrum (Zig:17)
  A monstrous demonspawn (Zig:12)
  6 merfolk avatars
  5 alligators
  3 death knights
  7 merfolk aquamancers
  5 centaur warriors
  11 ogre magi
  37 two-headed ogres
  31 dancing weapons
  2 satyrs
  2 alligators (shapeshifter)
  4 alligator snapping turtles
  13 deep troll shamans
  6 deep troll earth magi
  6 tengu warriors
  A titan zombie (Vaults:3)
  10 hell hogs (Hell)
  24 death yaks
  3 orc high priests (Orc:2)
  2 shock serpents (Zig:19)
  5 spriggan berserkers
  2 thrashing horrors (Abyss:2)
  10 vampire magi
  5 soul eaters
  23 hell knights
  3 iron golems (Hell)
  33 skeletal warriors
  A fire crab (Gauntlet)
  6 sun demons
  24 deep elf knights
  4 shadow wraiths
  5 wretched stars
  3 death drakes
  A salamander mystic (Zig:15)
  A storm dragon zombie (Crypt:2)
  5 iron trolls
  A sixfirhy (Abyss:2)
  2 golden dragon zombies
  3 goliath frogs
  2 ghost moth zombies
  3 anaconda zombies
  A storm dragon skeleton (Crypt:2)
  4 glowing orange brains
  26 deep trolls
  5 spriggan druids
  A swamp dragon (shapeshifter) (Vaults:4)
  7 flayed ghosts
  12 sea snakes
  20 deep elf archers
  5 unseen horrors
  A shadow demon (Zig:8)
  A bog body (Crypt:2)
  15 starcursed masses (Abyss:2)
  24 harpies
  An anaconda skeleton (Crypt:2)
  2 lindwurms (Lair:6)
  15 orc knights
  17 ironbrand convokers
  48 deep elf zephyrmancers
  7 phantasmal warriors
  9 wizards
  6 swamp dragons
  2 harpies (shapeshifter)
  A wolf spider zombie (Hell)
  26 ugly things
  An orb spider (shapeshifter) (D:9)
  24 necromancers
  A stone giant zombie (Crypt:2)
  11 orc sorcerers
  3 iron dragon zombies
  2 obsidian statues
  29 wolf spiders
  3 frost giant zombies
  6 shining eyes
  A worldbinder (Abyss:2)
  A fire giant zombie (Hell)
  42 deep elf pyromancers
  6 fauns
  2 iron dragon skeletons
  12 cyclopes
  21 orb spiders
  70 slime creatures
  14 manticores
  3 will-o-the-wisps
  A salamander (Depths:1)
  2 guardian serpents (shapeshifter)
  6 large abominations
  27 moths of wrath
  14 elephants
  An apocalypse crab (Zig:16)
  13 black mambas
  5 rust devils
  2 water nymphs (shapeshifter)
  15 merfolk sirens
  3 fire giant skeletons
  9 vault sentinels
  A torpor snail (shapeshifter) (Vaults:4)
  A guardian serpent (Zig:19)
  A titan simulacrum (Crypt:2)
  4 torpor snails
  2 gargoyles
  5 smoke demons
  3 naga magi
  4 ice statues (IceCv)
  7 water nymphs
  Maggie (D:6)
  24 cane toads
  4 eyes of devastation
  4 hellions
  A cane toad (shapeshifter) (Elf:1)
  An emperor scorpion zombie (Crypt:1)
  A shock serpent skeleton (Crypt:1)
  A minotaur zombie (Crypt:2)
  15 rime drakes
  A dire elephant skeleton (Crypt:2)
  A black draconian zombie (Crypt:2)
  4 efreet (Zig:20)
  A komodo dragon (shapeshifter) (Elf:2)
  Psyche (D:10)
  7 freezing wraiths
  An ancient zyme (Abyss:2)
  A sea snake zombie (Crypt:1)
  37 yaktaurs
  18 ice devils
  9 red devils
  12 komodo dragons
  A harpy zombie (Crypt:3)
  3 tengu conjurers
  A tormentor (Zig:16)
  6 hellwings
  14 demonic crawlers
  2 golden dragon simulacra (Zig:17)
  28 merfolk
  3 hydra zombies (Hell)
  35 jumping spiders
  7 trolls
  A bloated husk (Zig:14)
  2 polar bears
  A sea snake skeleton (Crypt:2)
  A tengu simulacrum (Vaults:2)
  8 meliai
  2 queen bees
  16 hornets
  A sphinx simulacrum (Zig:17)
  4 tyrant leeches
  A harpy skeleton (Crypt:3)
  A hydra skeleton (Hell)
  12 wind drakes
  An ice dragon zombie (Hell)
  9 raiju
  2 fire dragon zombies
  6 blink frogs
  2 ettin zombies
  A frost giant simulacrum (Crypt:1)
  2 iron dragon simulacra (Zig:17)
  9 dream sheep
  A snapping turtle (shapeshifter) (Vaults:5)
  5 snapping turtles
  An alligator skeleton (Hell)
  A fire dragon skeleton (Crypt:2)
  91 redbacks
  2 ice dragon skeletons (Crypt:3)
  A stone giant simulacrum (Crypt:2)
  A black mamba zombie (Crypt:3)
  9 air elementals
  A tarantella (shapeshifter) (Vaults:4)
  9 spriggans
  38 flying skulls
  3 wyverns
  5 vampires (Depths:4)
  A spriggan simulacrum (Zig:17)
  19 water elementals
  75 yaks
  4 centaur simulacra
  3 fire bats (Gauntlet)
  29 tarantellas
  2 ynoxinuls
  11 wraiths
  A black mamba skeleton (Crypt:3)
  A wyvern (shapeshifter) (Vaults:5)
  2 yaks (shapeshifter)
  A golden eye (shapeshifter) (Vaults:3)
  5 basilisks
  10 fire elementals
  2 steam dragons
  A golden eye (Zig:11)
  7 vampire mosquitoes
  3 chaos spawn
  Menkaure (D:5)
  An elf skeleton (Depths:4)
  7 wargs
  A harpy simulacrum (Crypt:2)
  A naga (Zig:19)
  2 swamp worms (Gauntlet)
  A soldier ant (D:11)
  A soldier ant (shapeshifter) (Vaults:2)
  An orb spider zombie (Crypt:1)
  A cane toad zombie (Hell)
  23 water moccasins
  A water nymph skeleton (Crypt:1)
  A deep troll skeleton (Crypt:1)
  9 hell hounds
  5 acid dragons
  A floating eye (shapeshifter) (Vaults:1)
  3 floating eyes
  55 orc warriors
  A swamp dragon zombie (Crypt:2)
  5 swamp drakes
  7 sky beasts
  29 ogres
  2 black bears (shapeshifter)
  8 ice beasts
  An elf simulacrum (Zig:17)
  3 boggarts (Depths:4)
  A lindwurm zombie (Crypt:1)
  An ettin simulacrum (Vaults:3)
  6 necrophages
  A manticore skeleton (Crypt:3)
  20 wolves
  6 eyes of draining
  2 small abominations (Abyss:2)
  2 phantoms
  2 snapping turtle skeletons (Crypt:3)
  20 centaurs
  4 lemures (Depths:4)
  2 human zombies
  A kobold brigand (D:9)
  A wyvern zombie (Crypt:2)
  11 bullfrogs
  A cane toad simulacrum (Crypt:2)
  6 earth elementals
  A wyvern skeleton (D:14)
  A glowing shapeshifter simulacrum (Vaults:3)
  7 scorpions
  32 killer bees
  A troll skeleton (Hell)
  9 wights
  5 electric eels
  A howler monkey (D:6)
  7 crimson imps
  2 draconian simulacra (IceCv)
  3 human simulacra
  6 hounds
  6 centaur zombies
  14 orc priests
  2 bullfrog skeletons
  4 centaur skeletons
  2 jellies
  A black bear skeleton (Crypt:2)
  4 iron imps
  34 orc wizards
  Terence (D:3)
  2 iguanas
  Natasha (D:3)
  A hell rat (Lair:6)
  2 troll simulacra (IceCv)
  17 worker ants
  A killer bee zombie (D:10)
  A naga zombie (Crypt:3)
  2 spectral hounds (Depths:4)
  A mummy (Crypt:2)
  A hound skeleton (D:4)
  A naga skeleton (Crypt:1)
  A worker ant zombie (D:9)
  Robin (D:3)
  A howler monkey skeleton (Crypt:1)
  31 gnolls
  An ogre simulacrum (IceCv)
  17 adders
  2 naga simulacra (IceCv)
  3 shadow imps
  9 white imps
  9 ufetubi
  5 worms
  An adder skeleton (D:9)
  A lava snake skeleton (Crypt:2)
  A dart slug (D:4)
  4 leopard geckos
  133 orcs
  A ball python (D:3)
  14 giant cockroaches
  33 goblins
  23 hobgoblins
  7 jackals
  13 kobolds
  7 quokkas
  6 bats
  5 frilled lizards
  A goblin zombie (Crypt:2)
  A jackal zombie (D:5)
  A quokka skeleton (D:4)
  8 rats
  A river rat skeleton (Crypt:1)
  A spectral orc (D:7)
  7 briar patches (Zig:10)
  A starspawn tentacle (Abyss:2)
  14 tentacles
3317 creatures vanquished.

Vanquished Creatures (collateral kills)
  2 dream sheep (Lair:5)
  A yak (Lair:5)
3 creatures vanquished.

Vanquished Creatures (others)
  the Royal Jelly (Slime:5)
  A pandemonium lord (Zig:16)
  An azure jelly (Slime:5)
  An emperor scorpion (Spider:4)
  A draconian scorcher (Zot:5)
  A blood saint (Zig:15)
  A deep elf demonologist (Elf:3)
  2 fire dragons (Zig:20)
  5 hydras
  2 deep elf knights (Elf:1)
  2 ugly things (Zig:16)
  A black mamba (Zig:18)
  A guardian serpent (Zig:19)
  An apocalypse crab (Zig:16)
  A water nymph (shapeshifter) (Zig:16)
  A komodo dragon (Lair:4)
  A hydra zombie (Crypt:2)
  A tarantella (Spider:4)
  A chaos spawn (Zig:16)
  A floating eye (shapeshifter) (Zig:16)
  A wight (D:14)
  4 ball lightnings (Zig:2)
  2 briar patches (Zig:10)
  3 bushes (Lair:4)
  7 demonic plants (Abyss:2)
  18 foxfires
  47 fungi
  A lurking horror (Abyss:2)
  152 plants
  2 starspawn tentacles (Abyss:2)
  17 tentacles
281 creatures vanquished.

Grand Total: 3601 creatures vanquished

Notes
Turn   | Place    | Note
-------+----------+-------------------------------------------
     0 | D:1      | Anon1729 the Merfolk Transmuter began the quest for the
                  | Orb.
     0 | D:1      | Reached XP level 1. HP: 15/15 MP: 3/3
   158 | D:1      | Reached skill level 3 in Transmutations
   210 | D:1      | Reached XP level 2. HP: 13/21 MP: 5/5
  1211 | D:2      | Reached XP level 3. HP: 23/26 MP: 6/6
  1565 | D:2      | Learned a level 2 spell: Wereblood
  1569 | D:2      | Learned a level 3 spell: Spider Form
  2038 | D:2      | Reached skill level 4 in Transmutations
  2056 | D:2      | Reached XP level 4. HP: 27/32 MP: 7/7
  2288 | D:2      | Found a hazy altar of Hepliaklqana.
  2752 | D:2      | HP: 1/32 [gnoll/+0 spear (1)]
  3548 | D:3      | Found an ornate altar of the Wu Jian Council.
  3623 | D:3      | Reached XP level 5. HP: 18/37 MP: 8/8
  4039 | D:3      | Noticed Natasha
  4066 | D:3      | Killed Natasha
  4372 | D:3      | Found a sparkling altar of Nemelex Xobeh.
  4373 | D:3      | Found an opulent altar of Gozag.
  4907 | D:3      | Reached skill level 5 in Transmutations
  5022 | D:3      | Noticed Natasha
  5322 | D:3      | Noticed Terence
  5336 | D:3      | Killed Terence
  5337 | D:3      | Reached skill level 1 in Poison Magic
  5369 | D:3      | Noticed Robin
  5392 | D:3      | Reached XP level 6. HP: 27/43 MP: 8/10
  5398 | D:3      | Killed Robin
  6037 | D:4      | Found a staircase to the Ecumenical Temple.
  6079 | Temple   | Entered the Ecumenical Temple
  6229 | Temple   | Became a worshipper of Cheibriados the Contemplative
  7066 | D:4      | Found a bloodstained altar of Trog.
  7066 | D:4      | Noticed an eye of draining
  7066 | D:4      | Noticed an eye of draining
  7080 | D:4      | Killed an eye of draining
  7081 | D:4      | Reached skill level 1 in Invocations
  7082 | D:4      | Reached skill level 6 in Transmutations
  7090 | D:4      | Killed an eye of draining
  7091 | D:4      | Reached XP level 7. HP: 48/48 MP: 0/12
  7199 | D:4      | Found a shadowy altar of Dithmenos.
  7200 | D:4      | Found a sacrificial altar of Ru.
  7592 | D:5      | Entered Level 5 of the Dungeon
  7949 | D:5      | Found Puter's Magic Scroll Boutique.
  7960 | D:5      | Reached skill level 5 in Dodging
  8060 | D:5      | Reached * piety under Cheibriados
  8084 | D:5      | Learned a level 5 spell: Blade Hands
  8319 | D:5      | Reached skill level 5 in Unarmed Combat
  8319 | D:5      | Reached skill level 7 in Transmutations
  8526 | D:5      | Noticed Menkaure
  8531 | D:5      | Killed Menkaure
  8532 | D:5      | Reached XP level 8. HP: 54/54 MP: 2/13
  8825 | D:5      | Bought a scroll of amnesia for 38 gold pieces
  8825 | D:5      | Bought a scroll of identify for 22 gold pieces
  8825 | D:5      | Bought a scroll of magic mapping for 38 gold pieces
  8826 | D:5      | Bought a scroll of random uselessness for 11 gold pieces
  9394 | D:6      | Noticed Maggie
  9423 | D:6      | Killed Maggie
  9424 | D:6      | Reached skill level 8 in Transmutations
  9999 | D:6      | Found a broken altar of Ashenzari.
 10002 | D:6      | Found a burning altar of Makhleb.
 10005 | D:6      | Found a stormy altar of Qazlal.
 10008 | D:6      | Found a blossoming altar of Fedhas.
 10376 | D:7      | Found Vipt's Jewellery Shoppe.
 10524 | D:7      | Identified the +2 dagger "Nuozuiv" {freeze, rF+ Will-
                  | Dex+4}
 10640 | D:7      | Reached skill level 9 in Transmutations
 10640 | D:7      | Reached XP level 9. HP: 52/59 MP: 15/15
 10715 | D:7      | Learned a level 4 spell: Petrify
 10722 | D:7      | Noticed a necromancer
 10722 | D:7      | Noticed a cyclops
 10726 | D:7      | Reached ** piety under Cheibriados
 10743 | D:7      | Killed a cyclops
 10744 | D:7      | Reached skill level 1 in Earth Magic
 10745 | D:7      | Killed a necromancer
 10746 | D:7      | Reached skill level 5 in Spellcasting
 10746 | D:7      | Reached skill level 10 in Transmutations
 11315 | D:7      | Noticed a hornet
 11322 | D:7      | Killed a hornet
 11323 | D:7      | Reached skill level 5 in Invocations
 11323 | D:7      | Reached XP level 10. HP: 65/65 MP: 11/18
 11659 | D:7      | Found a basalt altar of Yredelemnul.
 11854 | D:7      | HP: 2/65 [orc/+0 hand axe (5)]
 11856 | D:7      | Gained mutation: You occasionally shout uncontrollably at
                  | your foes. [potion of mutation]
 11856 | D:7      | Gained mutation: Your system is resistant to poisons.
                  | (rPois) [potion of mutation]
 11856 | D:7      | Gained mutation: You are frail. (-10% HP) [potion of
                  | mutation]
 11856 | D:7      | Gained mutation: You have a somewhat thin skeletal
                  | structure. (Dex +2, Stealth) [potion of mutation]
 11864 | D:7      | HP: 3/87 [orc/+0 mace (3)]
 11888 | D:7      | Reached *** piety under Cheibriados
 12179 | D:8      | Reached skill level 11 in Transmutations
 12632 | D:8      | Found a white marble altar of Elyvilon.
 13118 | D:9      | Reached **** piety under Cheibriados
 14063 | D:9      | Noticed a cyclops
 14283 | D:10     | Entered Level 10 of the Dungeon
 14525 | D:10     | Reached skill level 12 in Transmutations
 14686 | D:10     | Noticed a two-headed ogre
 14692 | D:10     | Killed a two-headed ogre
 14693 | D:10     | Reached XP level 11. HP: 57/67 MP: 15/20
 14700 | D:10     | Reached ***** piety under Cheibriados
 14769 | D:10     | Noticed Erolcha
 14778 | D:10     | Killed Erolcha
 14951 | D:10     | Noticed a centaur warrior
 15152 | D:10     | Found a staircase to the Lair.
 15240 | D:10     | Noticed Psyche
 15243 | D:10     | Killed Psyche
 15395 | D:10     | Noticed Snorg
 15407 | D:10     | Killed Snorg
 15787 | D:10     | Found a staircase to the Orcish Mines.
 16090 | D:10     | Killed a centaur warrior
 16189 | D:11     | Found a flagged portal.
 16197 | D:11     | Reached skill level 13 in Transmutations
 16207 | Bailey   | Entered a bailey
 16395 | Bailey   | Reached ****** piety under Cheibriados
 16557 | Bailey   | Noticed an orc warlord
 16570 | Bailey   | Killed an orc warlord
 16571 | Bailey   | Reached skill level 5 in Fighting
 16571 | Bailey   | Reached skill level 10 in Dodging
 16581 | Bailey   | Reached XP level 12. HP: 66/77 MP: 15/22
 16941 | Bailey   | Identified a scroll of acquirement
 16944 | Bailey   | Acquired a book of Alchemy
 16946 | Bailey   | Reached skill level 10 in Unarmed Combat
 16946 | Bailey   | Reached skill level 14 in Transmutations
 16946 | Bailey   | Reached XP level 13. HP: 81/81 MP: 23/23
 16953 | Bailey   | Learned a level 5 spell: Alistair's Intoxication
 17521 | D:11     | Learned a level 6 spell: Eringya's Noxious Bog
 18109 | D:9      | Identified the amulet "Peire" {Acrobat Will++ Str+3}
 18125 | D:9      | Identified the +0 pair of boots of Vaenu {*Slow rCorr SInv
                  | Stlth+}
 18242 | Lair:1   | Entered Level 1 of the Lair of Beasts
 18519 | Lair:1   | Reached skill level 15 in Transmutations
 19120 | Lair:2   | You fall into a shaft and drop 2 floors!
 19570 | Lair:3   | Identified the +7 dagger "Nikofysue" {speed, *Slow Fragile
                  | Dex+9 Stlth+}
 19602 | Lair:3   | Noticed Gastronok
 19614 | Lair:3   | Killed Gastronok
 20191 | Lair:3   | Found a staircase to the Shoals.
 20230 | Lair:3   | Found a hole to the Spider Nest.
 20776 | Lair:2   | Reached XP level 14. HP: 89/90 MP: 21/26
 21301 | Lair:2   | Reached skill level 16 in Transmutations
 22012 | Lair:3   | Identified the +8 war axe of Foolhardiness {freeze, Str+7}
 24471 | Lair:5   | Noticed Josephine
 24484 | Lair:5   | Killed Josephine
 25316 | Lair:6   | Entered Level 6 of the Lair of Beasts
 25371 | Lair:6   | Reached skill level 17 in Transmutations
 25523 | Lair:6   | Reached XP level 15. HP: 66/99 MP: 27/27
 26054 | Lair:6   | Reached skill level 10 in Invocations
 27053 | Lair:6   | Acquired 873 gold pieces
 27165 | Lair:6   | Found a viscous altar of Jiyva.
 27165 | Lair:6   | Found a staircase to the Slime Pits.
 28103 | D:12     | Reached skill level 18 in Transmutations
 28875 | D:12     | Reached skill level 10 in Poison Magic
 29203 | D:12     | Identified the amulet "Reggail" {Acrobat *Corrode Dex+6}
 29225 | D:12     | Reached XP level 16. HP: 50/108 MP: 19/29
 29228 | D:12     | Identified the Catalogue of Stones
 29520 | D:12     | Learned a level 6 spell: Statue Form
 29525 | D:12     | Learned a level 3 spell: Ignite Poison
 29775 | D:13     | Identified Jurrybb's Tome of Blistering Evil Secrets
 30381 | D:13     | Found a gate to the Vaults.
 30742 | Orc:1    | Entered Level 1 of the Orcish Mines
 30886 | Orc:2    | Entered Level 2 of the Orcish Mines
 31208 | Orc:2    | Found a staircase to the Elven Halls.
 31331 | Orc:2    | Found Teoghyeg's Book Emporium.
 31390 | Orc:2    | Reached skill level 19 in Transmutations
 31394 | Orc:2    | Found Coucre's Book Boutique.
 31584 | Orc:2    | Found Benaec's Assorted Antiques.
 31589 | Orc:2    | Found Nudghemaa's Antique Weapon Boutique.
 31591 | Orc:2    | Bought a scroll of teleportation for 111 gold pieces
 31591 | Orc:2    | Bought a scroll labelled QEAQAT LUIX for 37 gold pieces
 31591 | Orc:2    | Bought a scroll labelled QEAQAT LUIX for 37 gold pieces
 31591 | Orc:2    | Bought a scroll of identify for 74 gold pieces
 31920 | Orc:1    | Found Biddyfa's Assorted Antiques.
 31950 | Orc:1    | Bought a runed robe for 99 gold pieces
 32533 | D:14     | Noticed Frances
 32542 | D:14     | Noticed Jorgrun
 32546 | D:14     | Killed Frances
 32850 | D:14     | Killed Jorgrun
 32851 | D:14     | Reached skill level 10 in Spellcasting
 32939 | D:14     | Identified the +1 war axe "Qog Zegatu" {freeze, Will+}
 33014 | D:14     | Found a frozen archway.
 33045 | IceCv    | Entered an ice cave
 33581 | IceCv    | Identified the +0 scale mail of Understanding {rF- Regen+
                  | Dex+6}
 34001 | D:14     | Noticed Rupert
 34013 | D:14     | Killed Rupert
 34215 | D:14     | Found a shimmering blue altar of Sif Muna.
 34527 | D:15     | Entered Level 15 of the Dungeon
 34527 | D:15     | Found Mudwyp's General Store.
 34532 | D:15     | Bought a scroll of teleportation for 60 gold pieces
 34552 | D:15     | Found a gate leading to a gauntlet.
 34573 | Gauntlet | Entered a Gauntlet
 34573 | Gauntlet | Found a transporter.
 34580 | Gauntlet | Found a transporter.
 34593 | Gauntlet | Found a transporter.
 34615 | Gauntlet | Found a transporter.
 34627 | Gauntlet | Found a transporter.
 34640 | Gauntlet | Found a transporter.
 34653 | Gauntlet | Found a transporter.
 34667 | Gauntlet | Found a transporter.
 34689 | Gauntlet | Found a transporter.
 34696 | Gauntlet | Found a runed translucent door.
 34698 | Gauntlet | Found a runed translucent door.
 34702 | Gauntlet | Found a transporter.
 34724 | Gauntlet | Found a transporter.
 34739 | Gauntlet | Found a transporter.
 34797 | Gauntlet | Reached skill level 10 in Fighting
 34838 | Gauntlet | Found a transporter.
 34863 | Gauntlet | Found a transporter.
 34892 | Gauntlet | Reached skill level 20 in Transmutations
 34892 | Gauntlet | Reached XP level 17. HP: 115/115 MP: 31/31
 34911 | Gauntlet | Identified the -4 hat "Yphuesud" {Int+3}
 35133 | Gauntlet | Identified the +1 chain mail of Context {Will+ Dex+7}
 35133 | Gauntlet | Identified the amulet "Reochyd" {Spirit Str+5}
 35206 | D:15     | Found Bamah's Distillery.
 35213 | D:15     | Bought 2 potions of curing for 96 gold pieces
 35213 | D:15     | Bought a potion of heal wounds for 80 gold pieces
 35291 | D:15     | Noticed Roxanne
 35311 | D:15     | Killed Roxanne
 35737 | D:15     | Found Oni Goel's Antique Weapon Shop.
 35812 | D:15     | Found Siotow's Antique Weapon Shop.
 36063 | D:15     | Found a staircase to the Depths.
 36381 | Elf:1    | Entered Level 1 of the Elven Halls
 37439 | Elf:1    | Identified Zurext's Collected Works on Companions
 37556 | Elf:1    | Found a radiant altar of Vehumet.
 38385 | Elf:2    | Reached XP level 18. HP: 77/122 MP: 26/33
 38386 | Elf:2    | Reached skill level 21 in Transmutations
 39337 | Elf:2    | Found Teducec's Book Boutique.
 39583 | Elf:2    | Found a huge runed translucent gate.
 39584 | Elf:2    | Found a huge runed translucent gate.
 39584 | Elf:2    | Found a huge runed translucent gate.
 39586 | Elf:2    | Found a huge runed translucent gate.
 39586 | Elf:2    | Found a huge runed translucent gate.
 39656 | Elf:2    | Reached skill level 15 in Dodging
 39670 | Elf:2    | Noticed a deep elf blademaster
 39685 | Elf:2    | Killed a deep elf blademaster
 39706 | Elf:2    | Noticed Louise
 39714 | Elf:2    | Killed Louise
 40087 | Elf:3    | Entered Level 3 of the Elven Halls
 40155 | Elf:3    | Found Wecual's Assorted Antiques.
 40159 | Elf:3    | Bought a scroll labelled NALAEJIESA for 35 gold pieces
 40159 | Elf:3    | Bought a scroll of teleportation for 105 gold pieces
 40159 | Elf:3    | Bought a smoking graven amulet for 175 gold pieces
 40159 | Elf:3    | Identified the amulet "Ummil" {Spirit rC+ rN+ Will- Str+4}
                  | (You bought it in a shop on level 3 of the Elven Halls)
 40896 | Elf:3    | Identified the +5 scale mail "Keusasku" {rF+++ rC- Int+3}
 40896 | Elf:3    | Noticed a deep elf master archer
 41017 | Elf:3    | Reached XP level 19. HP: 95/131 MP: 32/35
 41262 | Elf:3    | Reached skill level 22 in Transmutations
 41372 | Elf:3    | Identified the +8 war axe "Bung" {freeze, rC++ Will-}
 41372 | Elf:3    | Identified the ring of the Moon {AC+4 Dex+3}
 41384 | Elf:3    | Cast into level 2 of the Abyss (a deep elf demonologist)
 41913 | Abyss:2  | Noticed a dread lich
 41918 | Abyss:2  | Killed a dread lich
 42058 | Abyss:3  | Noticed a bone dragon
 42066 | Abyss:3  | Noticed a bone dragon
 42071 | Abyss:3  | Noticed a tentacled monstrosity
 42071 | Abyss:3  | Killed a bone dragon
 42078 | Abyss:3  | Killed a bone dragon
 42118 | Abyss:3  | Got an abyssal rune of Zot
 42130 | Elf:3    | Escaped the Abyss
 42134 | Elf:3    | Noticed a Tzitzimitl
 42140 | Elf:3    | Noticed a Hell Sentinel
 42685 | Elf:3    | Learned a level 6 spell: Hydra Form
 42971 | Shoals:1 | Entered Level 1 of the Shoals
 43153 | Shoals:1 | Reached XP level 20. HP: 139/139 MP: 37/37
 43300 | Shoals:1 | Reached skill level 1 in Stealth
 43317 | Shoals:1 | Reached skill level 1 in Evocations
 43567 | Shoals:1 | Found a sacrificial altar of Ru.
 43890 | Shoals:2 | Reached skill level 15 in Unarmed Combat
 43939 | Shoals:2 | Noticed Polyphemus
 43947 | Shoals:2 | Killed Polyphemus
 44669 | Shoals:3 | Identified the +1 leather armour "Obakinti" {Rampage
                  | Regen+}
 44762 | Shoals:3 | Found a glowing golden altar of the Shining One.
 45997 | Shoals:4 | Entered Level 4 of the Shoals
 46077 | Shoals:4 | Reached skill level 23 in Transmutations
 46123 | Shoals:4 | Got a barnacled rune of Zot
 47375 | Shoals:4 | Identified the +1 cloak "Odae" {rC+ Regen+}
 47624 | Shoals:3 | Reached XP level 21. HP: 145/145 MP: 34/39
 47823 | Spider:1 | Entered Level 1 of the Spider Nest
 47862 | Lair:3   | Upgraded the game from 0.27-a0-498-g7ecbb0a48f to
                  | 0.27-a0-512-g57cc695410
 47896 | Spider:1 | Reached skill level 5 in Stealth
 48980 | Spider:2 | You fall into a shaft and drop 1 floor!
 50362 | Spider:4 | Entered Level 4 of the Spider Nest
 50386 | Spider:4 | Reached skill level 5 in Evocations
 50481 | Spider:4 | Noticed Arachne
 50494 | Spider:4 | Killed Arachne
 50495 | Spider:4 | Reached skill level 15 in Spellcasting
 51132 | Spider:4 | Got a gossamer rune of Zot
 51518 | Vaults:1 | Entered Level 1 of the Vaults
 51562 | Vaults:1 | Reached XP level 22. HP: 153/153 MP: 41/41
 51834 | Vaults:1 | Noticed Saint Roka
 51843 | Vaults:1 | Killed Saint Roka
 51981 | Vaults:1 | Found Senungodd's Magic Scroll Shoppe.
 52010 | Vaults:1 | Bought a scroll of acquirement for 728 gold pieces
 52010 | Vaults:1 | Acquired the Reference Book on Orientation and Poison
 52017 | Vaults:1 | Learned a level 4 spell: Manifold Assault
 52224 | Vaults:1 | Reached skill level 24 in Transmutations
 52444 | Vaults:1 | Paralysed by a floating eye for 4 turns
 52811 | Vaults:2 | Reached skill level 1 in Translocations
 53299 | Vaults:2 | Found Bouroah's Assorted Antiques.
 53584 | Vaults:2 | Noticed Asterion
 53584 | Vaults:2 | Noticed Sojobo
 53584 | Vaults:2 | Noticed Agnes
 53593 | Vaults:2 | Killed Agnes
 53603 | Vaults:2 | Killed Asterion
 53615 | Vaults:2 | Killed Sojobo
 53745 | Vaults:2 | Reached skill level 5 in Translocations
 54135 | Vaults:2 | Found Ulaapp's Assorted Antiques.
 54586 | Vaults:2 | Found a staircase to the Crypt.
 55411 | Vaults:3 | You fall into a shaft and drop 1 floor!
 55426 | Vaults:4 | Reached XP level 23. HP: 160/160 MP: 40/42
 55574 | Vaults:4 | Reached skill level 10 in Translocations
 55798 | Vaults:4 | Found Gekeecrirgh's General Store.
 56888 | Vaults:3 | Found a transporter.
 56900 | Vaults:3 | Found a transporter.
 57715 | Vaults:3 | Identified the +2 ring mail "Qyutipnu" {rElec}
 58076 | Depths:1 | Entered Level 1 of the Depths
 58211 | Depths:1 | Found a gateway to Hell.
 58989 | Depths:1 | Noticed a juggernaut
 59093 | Depths:1 | Noticed Aizul
 59105 | Depths:1 | Killed Aizul
 59471 | Depths:1 | Found Ruoci's Book Shop.
 59472 | Depths:1 | Found Cauro's Jewellery Shoppe.
 59474 | Depths:1 | Found Iriker's Book Shop.
 59559 | Depths:1 | HP: 5/208 [ice dragon (15)]
 59707 | Depths:1 | Killed a juggernaut
 59708 | Depths:1 | Reached XP level 24. HP: 166/166 MP: 40/42
 60138 | Depths:2 | Noticed a juggernaut
 60151 | Depths:2 | Killed a juggernaut
 60277 | Depths:2 | Identified the ring of Jealousy {rN+ Int+2 Dex+2}
 60283 | Depths:2 | Identified the ring "Kiorghear" {Ice *Slow rN+ Int+4}
 60458 | Depths:2 | Reached skill level 15 in Translocations
 60503 | Depths:2 | Noticed a juggernaut
 60514 | Depths:2 | Killed a juggernaut
 60699 | Depths:2 | Found a one-way gate to the infinite horrors of the Abyss.
 60870 | Depths:2 | Noticed the Enchantress
 60876 | Depths:2 | Killed the Enchantress
 61191 | Depths:2 | Noticed Nikola
 61207 | Depths:2 | Killed Nikola
 61326 | Depths:2 | Found a portal to a secret trove of treasure.
 61627 | Depths:3 | Found Ybaqenir's Jewellery Boutique.
 61806 | Depths:3 | Found Lepun's General Store.
 61806 | Depths:3 | Found Feakkami's Jewellery Shoppe.
 62115 | Depths:3 | Found a one-way gate leading to the halls of Pandemonium.
 62724 | Depths:4 | Reached XP level 25. HP: 171/171 MP: 20/42
 63168 | Depths:4 | Found a gateway to a ziggurat.
 63287 | Depths:4 | Identified the +2 robe of Truth {Int+2 Slay+4 Stlth+}
 63788 | Depths:4 | Found a roughly hewn altar of Beogh.
 63803 | Depths:4 | Identified the +3 hand axe of Eternal Harmony {vorpal,
                  | Dex+5}
 63931 | Depths:4 | Noticed Mara
 63936 | Depths:4 | Noticed Anon1729's illusion
 63949 | Depths:4 | Killed Mara
 63950 | Depths:4 | Reached skill level 15 in Invocations
 64283 | Depths:4 | Found an ancient bone altar of Kikubaaqudgha.
 64396 | Depths:4 | Found a broken altar of Ashenzari.
 64404 | Depths:4 | Learned a level 5 spell: Irradiate
 64502 | Depths:4 | Found Suphyback's General Store.
 64629 | Depths:4 | Found The Legendary Wutis's Legendary Smithy.
 64669 | Depths:4 | Found a shimmering altar of Xom.
 64706 | Depths:4 | Found Daxtisch's Miraculous Elixirs.
 64761 | Depths:4 | Lost mutation: You are frail. (-10% HP) [potion of
                  | mutation]
 64761 | Depths:4 | Lost mutation: Your system is resistant to poisons. (rPois)
                  | [potion of mutation]
 64761 | Depths:4 | Lost mutation: You have a somewhat thin skeletal structure.
                  | (Dex +2, Stealth) [potion of mutation]
 64761 | Depths:4 | Gained mutation: Potions are less effective at restoring
                  | your health. [potion of mutation]
 64761 | Depths:4 | Gained mutation: You have a pair of small horns on your
                  | head. [potion of mutation]
 64761 | Depths:4 | Gained mutation: Your flesh is heat resistant. (rF+)
                  | [potion of mutation]
 64762 | Depths:4 | Lost mutation: You occasionally shout uncontrollably at
                  | your foes. [potion of mutation]
 64762 | Depths:4 | Lost mutation: Your flesh is heat resistant. (rF+) [potion
                  | of mutation]
 64762 | Depths:4 | Gained mutation: Your natural rate of healing is unusually
                  | fast. [potion of mutation]
 64762 | Depths:4 | Gained mutation: You are covered in fur. (AC +1) [potion of
                  | mutation]
 64763 | Depths:4 | Lost mutation: You have a pair of small horns on your head.
                  | [potion of mutation]
 64763 | Depths:4 | Lost mutation: You are covered in fur. (AC +1) [potion of
                  | mutation]
 64763 | Depths:4 | Gained mutation: Your movements are slightly less
                  | encumbered by armour. (ER -2) [potion of mutation]
 64763 | Depths:4 | Gained mutation: Your mind is acute. (Int +2) [potion of
                  | mutation]
 64764 | Depths:4 | Lost mutation: Potions are less effective at restoring your
                  | health. [potion of mutation]
 64764 | Depths:4 | Lost mutation: Your mind is acute. (Int +2) [potion of
                  | mutation]
 64764 | Depths:4 | Gained mutation: You are weak. (Str -2) [potion of
                  | mutation]
 64764 | Depths:4 | Gained mutation: You possess an exceptional clarity of
                  | mind. [potion of mutation]
 64992 | Depths:5 | Entered Level 5 of the Depths
 65170 | Depths:5 | Found a gate to the Realm of Zot.
 65323 | Depths:5 | Reached XP level 26. HP: 200/200 MP: 37/42
 65453 | Depths:5 | Found a glowing golden altar of the Shining One.
 65972 | Depths:5 | Reached skill level 15 in Fighting
 66282 | Depths:4 | Bought a ring of resist corrosion for 360 gold pieces
 66282 | Depths:4 | Bought a potion of heal wounds for 90 gold pieces
 66282 | Depths:4 | Bought a potion of might for 72 gold pieces
 66282 | Depths:4 | Bought a potion of brilliance for 72 gold pieces
 66282 | Depths:4 | Bought a potion of ambrosia for 144 gold pieces
 66662 | Slime:1  | Entered Level 1 of the Pits of Slime
 66983 | Slime:5  | Entered Level 5 of the Pits of Slime
 67522 | Slime:5  | Found a viscous altar of Jiyva.
 67587 | Slime:5  | Noticed the Royal Jelly
 67601 | Slime:5  | Killed the Royal Jelly
 67662 | Slime:5  | Identified the +7 flail "Icuomm" {speed, Dex+3}
 67668 | Slime:5  | Identified the Catalogue of the Three Youths
 67711 | Slime:5  | Identified the amulet "Masaz" {Faith Int+2}
 67718 | Slime:5  | Got a slimy rune of Zot
 67737 | Slime:5  | Identified the ring "Ynacugan" {+Blink rPois rF+ Dex+6}
 67748 | Slime:5  | Identified the amulet "Rymiur" {Reflect *Slow +Fly Str+3
                  | Int+5 SH+5}
 67753 | Slime:5  | Identified the +2 ring mail "Xeuprut" {rF+ Will- Regen+
                  | rCorr}
 68117 | Slime:2  | Reached skill level 25 in Transmutations
 68413 | Depths:2 | You showed the slimy rune of Zot to enter a treasure trove
 68414 | Trove    | Entered a treasure trove
 68422 | Trove    | Identified the amulet "Qul Zitemu" {Regen+ Str+3}
 68426 | Trove    | Identified the amulet "Fidaorcho" {Reflect rF++ rN+ Str+4
                  | SH+5}
 68523 | Zot:1    | Entered Level 1 of the Realm of Zot
 68823 | Zot:1    | Found a transporter.
 69116 | Zot:1    | You fall into a shaft and drop 1 floor!
 69304 | Zot:2    | Reached XP level 27. HP: 210/210 MP: 41/42
 69515 | Zot:1    | Found a transporter.
 69622 | Zot:1    | Identified the ring "Cyqukug" {rF- Dex+5 SInv}
 69669 | Zot:1    | Identified the +7 hand axe of Slime {venom, rElec rF+ Will-
                  | SInv}
 69796 | Zot:1    | Identified the +10 rapier of Caecas {drain, *Noise +Rage
                  | +Inv rN+}
 69935 | Zot:1    | Noticed a dread lich
 69937 | Zot:1    | Noticed an orb of fire
 69948 | Zot:1    | Noticed an orb of fire
 69948 | Zot:1    | Lost mutation: You possess an exceptional clarity of mind.
                  | [a cacodemon]
 70007 | Zot:1    | Learned a level 7 spell: Dragon Form
 71200 | Zot:3    | Found an ancient bone altar of Kikubaaqudgha.
 71292 | Zot:3    | Noticed an orb of fire
 71293 | Zot:3    | Gained mutation: Potions are less effective at restoring
                  | your health. [an orb of fire]
 71298 | Zot:3    | Gained mutation: You are partially covered in large bone
                  | plates. (SH +4) [an orb of fire]
 71301 | Zot:3    | Killed an orb of fire
 71891 | Zot:4    | Reached skill level 26 in Transmutations
 72178 | Zot:4    | Noticed an orb of fire
 72196 | Zot:4    | Gained mutation: Your spells are a little easier to cast,
                  | but a little less powerful. [an orb of fire]
 72197 | Zot:4    | Gained mutation: You occasionally shout uncontrollably at
                  | your foes. [an orb of fire]
 72201 | Zot:4    | Killed an orb of fire
 72872 | Zot:4    | Lost mutation: Potions are less effective at restoring your
                  | health. [potion of mutation]
 72872 | Zot:4    | Lost mutation: You are weak. (Str -2) [potion of mutation]
 72872 | Zot:4    | Gained mutation: Your muscles are strong. (Str +2) [potion
                  | of mutation]
 72872 | Zot:4    | Gained mutation: You evolve. [potion of mutation]
 72921 | Zot:5    | Entered Level 5 of the Realm of Zot
 73464 | Zot:5    | Lost mutation: You evolve. [end of evolution]
 73532 | Zot:5    | Noticed an ancient lich
 73536 | Zot:5    | Killed an ancient lich
 73546 | Zot:5    | Noticed an ancient lich
 73560 | Zot:5    | Killed an ancient lich
 73642 | Zot:5    | Noticed a dread lich
 73643 | Zot:5    | Noticed an orb of fire
 73644 | Zot:5    | Noticed an orb of fire
 73648 | Zot:5    | Killed an orb of fire
 73648 | Zot:5    | Noticed an orb of fire
 73651 | Zot:5    | Gained mutation: You are occasionally teleported next to
                  | monsters. [an orb of fire]
 73652 | Zot:5    | Killed a dread lich
 73655 | Zot:5    | Noticed an orb of fire
 73658 | Zot:5    | Noticed an orb of fire
 73659 | Zot:5    | Killed an orb of fire
 73659 | Zot:5    | Gained mutation: You are frail. (-10% HP) [an orb of fire]
 73663 | Zot:5    | Gained mutation: Your body sometimes deteriorates upon
                  | taking damage. [an orb of fire]
 73665 | Zot:5    | Noticed an orb of fire
 73667 | Zot:5    | Killed an orb of fire
 73667 | Zot:5    | Gained mutation: You are very frail. (-20% HP) [an orb of
                  | fire]
 73668 | Zot:5    | Killed an orb of fire
 73711 | Zot:5    | Killed an orb of fire
 73712 | Zot:5    | Reached skill level 27 in Transmutations
 73718 | Zot:5    | Lost mutation: Your muscles are strong. (Str +2) [an orb of
                  | fire]
 73729 | Zot:5    | Killed an orb of fire
 73910 | Zot:5    | Noticed an ancient lich
 73911 | Zot:5    | Noticed an orb of fire
 73913 | Zot:5    | Noticed an orb of fire
 73914 | Zot:5    | Gained mutation: You sometimes yell uncontrollably at your
                  | foes. [an orb of fire]
 73914 | Zot:5    | Noticed an orb of fire
 73916 | Zot:5    | Noticed an orb of fire
 73923 | Zot:5    | Killed an orb of fire
 73923 | Zot:5    | Noticed an ancient lich
 73925 | Zot:5    | Killed an orb of fire
 73927 | Zot:5    | Killed an orb of fire
 73927 | Zot:5    | Gained mutation: You tend to lose your temper in combat.
                  | [an orb of fire]
 73933 | Zot:5    | Killed an orb of fire
 73936 | Zot:5    | Killed an ancient lich
 73940 | Zot:5    | Killed an ancient lich
 74373 | Depths:4 | Bought a potion of mutation for 400 gold pieces
 74373 | Depths:4 | Bought a potion of mutation for 400 gold pieces
 74373 | Depths:4 | Lost mutation: Your spells are a little easier to cast, but
                  | a little less powerful. [potion of mutation]
 74373 | Depths:4 | Lost mutation: You are very frail. (-20% HP) [potion of
                  | mutation]
 74373 | Depths:4 | Gained mutation: You evolve. [potion of mutation]
 74374 | Depths:4 | Lost mutation: Your body sometimes deteriorates upon taking
                  | damage. [potion of mutation]
 74374 | Depths:4 | Lost mutation: You tend to lose your temper in combat.
                  | [potion of mutation]
 74374 | Depths:4 | Lost mutation: You are frail. (-10% HP) [potion of
                  | mutation]
 74374 | Depths:4 | Lost mutation: You sometimes yell uncontrollably at your
                  | foes. [potion of mutation]
 74374 | Depths:4 | Gained mutation: You are agile. (Dex +2) [potion of
                  | mutation]
 74374 | Depths:4 | Gained mutation: You have supernaturally acute eyesight.
                  | (SInv) [potion of mutation]
 74374 | Depths:4 | Gained mutation: You have a pair of small horns on your
                  | head. [potion of mutation]
 74375 | Depths:4 | Bought 2 potions of mutation for 800 gold pieces
 74375 | Depths:4 | Lost mutation: You have supernaturally acute eyesight.
                  | (SInv) [potion of mutation]
 74375 | Depths:4 | Lost mutation: You occasionally shout uncontrollably at
                  | your foes. [potion of mutation]
 74375 | Depths:4 | Lost mutation: You evolve. [potion of mutation]
 74375 | Depths:4 | Gained mutation: Your spells are a little harder to cast,
                  | but a little more powerful. [potion of mutation]
 74375 | Depths:4 | Lost mutation: You are agile. (Dex +2) [potion of mutation]
 74375 | Depths:4 | Gained mutation: Your system is resistant to poisons.
                  | (rPois) [potion of mutation]
 74375 | Depths:4 | Gained mutation: You have a pair of horns on your head.
                  | [potion of mutation]
 74376 | Depths:4 | Lost mutation: You are partially covered in large bone
                  | plates. (SH +4) [potion of mutation]
 74376 | Depths:4 | Lost mutation: Your system is resistant to poisons. (rPois)
                  | [potion of mutation]
 74376 | Depths:4 | Lost mutation: Your spells are a little harder to cast, but
                  | a little more powerful. [potion of mutation]
 74376 | Depths:4 | Gained mutation: Your body sometimes deteriorates upon
                  | taking damage. [potion of mutation]
 74376 | Depths:4 | Gained mutation: You are somewhat resistant to further
                  | mutation. [potion of mutation]
 74377 | Depths:4 | Bought a potion of mutation for 400 gold pieces
 74377 | Depths:4 | Bought a potion of mutation for 400 gold pieces
 74377 | Depths:4 | Lost mutation: You are somewhat resistant to further
                  | mutation. [potion of mutation]
 74377 | Depths:4 | Lost mutation: Your body sometimes deteriorates upon taking
                  | damage. [potion of mutation]
 74377 | Depths:4 | Lost mutation: You have a pair of horns on your head.
                  | [potion of mutation]
 74377 | Depths:4 | Lost mutation: You have a pair of small horns on your head.
                  | [potion of mutation]
 74377 | Depths:4 | Gained mutation: You expend magic power (3 MP) to
                  | strengthen your wands. [potion of mutation]
 74377 | Depths:4 | Gained mutation: Your movements are less encumbered by
                  | armour. (ER -4) [potion of mutation]
 74378 | Depths:4 | Lost mutation: You expend magic power (3 MP) to strengthen
                  | your wands. [potion of mutation]
 74378 | Depths:4 | Lost mutation: Your movements are less encumbered by
                  | armour. (ER -4) [potion of mutation]
 74378 | Depths:4 | Gained mutation: Your mind is acute. (Int +2) [potion of
                  | mutation]
 74378 | Depths:4 | Gained mutation: You passively map a small area around you.
                  | [potion of mutation]
 74378 | Depths:4 | Gained mutation: You have a pair of small horns on your
                  | head. [potion of mutation]
 74858 | Vaults:5 | Entered Level 5 of the Vaults
 74897 | Vaults:5 | Paralysed by something for 2 turns
 74899 | Vaults:5 | Noticed Bai Suzhen
 75007 | Vaults:5 | Noticed a dread lich
 75015 | Vaults:5 | Killed a dread lich
 75040 | Vaults:5 | Killed Bai Suzhen
 75284 | Vaults:5 | Found the +5 robe of Night {Dark Will+ SInv}
 75288 | Vaults:5 | Identified the +7 shortbow of Ecruannex {vorpal, rN+}
 75290 | Vaults:5 | Identified the ring "Xac Reask" {+Blink rF- Will+ AC+4
                  | Dex+2}
 75308 | Vaults:5 | Identified the Disquisition on the Glacier
 75309 | Vaults:5 | Found the +0 mask of the Dragon {Will+ Slay+3 SInv}
 75336 | Vaults:5 | Got a silver rune of Zot
 75717 | Vaults:5 | Identified the +3 hunting sling "Gott" {vorpal, Int+3}
 75809 | Vaults:5 | Found Orej's Magic Scroll Shop.
 75809 | Vaults:5 | Found Aleiloeg's Magic Scroll Shoppe.
 75821 | Vaults:5 | Bought a scroll of acquirement for 728 gold pieces
 75821 | Vaults:5 | Acquired 727 gold pieces
 76331 | Vaults:5 | Found Lifeonty's Distillery.
 76362 | Vaults:5 | Identified the ring of the Yeti {rElec rC+}
 76835 | Crypt:1  | Entered Level 1 of the Crypt
 76909 | Crypt:1  | Identified the +1 robe of Masochism {Str+5}
 78447 | Crypt:2  | Noticed Khufu
 78448 | Crypt:2  | Noticed a royal mummy
 78448 | Crypt:2  | Noticed a royal mummy
 78476 | Crypt:2  | Killed a royal mummy
 78529 | Crypt:2  | Identified the +1 robe of Nihilism {Rampage +Inv rN+++
                  | Dex-2}
 78673 | Crypt:2  | Noticed Mennas
 78680 | Crypt:2  | Killed Mennas
 78915 | Crypt:2  | Killed Khufu
 78931 | Crypt:2  | Killed a royal mummy
 79343 | Crypt:3  | Entered Level 3 of the Crypt
 79498 | Crypt:3  | Found an ancient bone altar of Kikubaaqudgha.
 79498 | Crypt:3  | Noticed a dread lich
 79499 | Crypt:3  | Paralysed by a dread lich for 5 turns
 79504 | Crypt:3  | Killed a dread lich
 79547 | Crypt:3  | Identified the ring of Alliaczi {rF+ rN+ Int-5 Dex+3
                  | Slay+5}
 79553 | Crypt:3  | Identified the Guide on Dark Rituals
 79558 | Crypt:3  | Identified the ring "Maerchoh" {Will+ Dex+2 Slay+3}
 79630 | Crypt:3  | Reached skill level 10 in Stealth
 79693 | Crypt:3  | Found a staircase to the Tomb.
 80646 | Tomb:1   | Entered Level 1 of the Tomb of the Ancients
 81168 | Hell     | Entered the Vestibule of Hell
 81168 | Hell     | Noticed Geryon
 81183 | Hell     | Reached skill level 1 in Conjurations
 81206 | Hell     | Noticed Murray
 81294 | Hell     | Found a gateway to the ashen valley of Gehenna.
 81351 | Hell     | Killed Geryon
 81555 | Hell     | Killed Murray
 81644 | Hell     | Found a gateway to the freezing wastes of Cocytus.
 81718 | Hell     | Found a gateway to the decaying netherworld of Tartarus.
 81857 | Hell     | Found a gateway to the Iron City of Dis.
 82180 | Zig:1    | Entered Level 1 of a ziggurat
 82188 | Zig:1    | Reached skill level 5 in Earth Magic
 82272 | Zig:2    | Entered Level 2 of a ziggurat
 82273 | Zig:2    | Noticed Ybru Yloilo the pandemonium lord
 82279 | Zig:2    | Killed Ybru Yloilo the pandemonium lord
 82291 | Zig:3    | Entered Level 3 of a ziggurat
 82316 | Zig:3    | Identified the +5 long sword "Spider's Nightmare" {drain,
                  | Will+ Int-3 Dex+6 Stlth+}
 82318 | Zig:4    | Entered Level 4 of a ziggurat
 82320 | Zig:4    | Noticed Hikidoma the pandemonium lord
 82326 | Zig:4    | Killed Hikidoma the pandemonium lord
 82421 | Zig:5    | Entered Level 5 of a ziggurat
 82483 | Zig:6    | Entered Level 6 of a ziggurat
 82499 | Zig:6    | Identified the amulet "Wiaz" {Faith rC+ Will+ Int+4}
 82506 | Zig:6    | Identified the +9 plate armour of the Untouchables {Str+4
                  | Int-5 Stlth+}
 82512 | Zig:6    | Identified the amulet "Cueren" {RegenMP Int+4}
 82537 | Zig:7    | Entered Level 7 of a ziggurat
 82564 | Zig:7    | Identified the +0 kite shield "Atrahe" {*Contam rElec rF+++
                  | rCorr}
 82652 | Zig:8    | Entered Level 8 of a ziggurat
 82679 | Zig:8    | Noticed Zyngah the pandemonium lord
 82691 | Zig:8    | Killed Zyngah the pandemonium lord
 82820 | Zig:8    | Identified the ring "Afrihegh" {rC+ Str+2 Dex+3 Slay+4}
 82847 | Zig:9    | Entered Level 9 of a ziggurat
 82864 | Zig:9    | Reached skill level 5 in Conjurations
 82925 | Zig:10   | Entered Level 10 of a ziggurat
 82967 | Zig:10   | Identified the ring of Attitude {*Drain rPois rC+ Str+5
                  | SInv}
 82968 | Zig:10   | Identified the +0 helmet "Kurph" {Rampage Will- Regen+}
 82972 | Zig:10   | Lost mutation: Your movements are slightly less encumbered
                  | by armour. (ER -2) [potion of mutation]
 82972 | Zig:10   | Lost mutation: Your natural rate of healing is unusually
                  | fast. [potion of mutation]
 82972 | Zig:10   | Lost mutation: Your mind is acute. (Int +2) [potion of
                  | mutation]
 82972 | Zig:10   | Lost mutation: You are occasionally teleported next to
                  | monsters. [potion of mutation]
 82972 | Zig:10   | Gained mutation: You are dopey. (Int -2) [potion of
                  | mutation]
 82972 | Zig:10   | Gained mutation: You expend magic power (3 MP) to
                  | strengthen your wands. [potion of mutation]
 83063 | Zig:10   | Identified the +1 plate armour "Zoipagi" {rCorr Int+3}
 83065 | Zig:10   | Identified the +1 robe of Agoraphobia {Rampage rF+}
 83072 | Zig:11   | Entered Level 11 of a ziggurat
 83097 | Zig:11   | Paralysed by a floating eye for 2 turns
 83125 | Zig:11   | Lost mutation: You are dopey. (Int -2) [potion of mutation]
 83125 | Zig:11   | Lost mutation: You have a pair of small horns on your head.
                  | [potion of mutation]
 83125 | Zig:11   | Gained mutation: Your movements are slightly less
                  | encumbered by armour. (ER -2) [potion of mutation]
 83125 | Zig:11   | Gained mutation: You are partially covered in iridescent
                  | scales. (AC +2) [potion of mutation]
 83203 | Zig:11   | Identified the +10 hunting sling "Killer Klown's Bane"
                  | {vorpal, MP+9}
 83225 | Zig:12   | Entered Level 12 of a ziggurat
 83265 | Zig:12   | Reached skill level 10 in Earth Magic
 83267 | Zig:12   | Noticed Xolil the pandemonium lord
 83274 | Zig:12   | Killed Xolil the pandemonium lord
 83376 | Zig:12   | Learned a level 5 spell: Borgnjor's Vile Clutch
 83377 | Zig:13   | Entered Level 13 of a ziggurat
 83393 | Zig:13   | Reached skill level 1 in Necromancy
 83489 | Zig:13   | Identified the amulet "Jefyprid" {RegenMP rF+ rC+}
 83497 | Zig:13   | Identified the +1 leather armour of Vanity {-Tele Dex+4
                  | SInv}
 83510 | Zig:14   | Entered Level 14 of a ziggurat
 83550 | Zig:14   | Reached skill level 10 in Evocations
 83566 | Zig:14   | Identified the amulet of Ytetaogu {RegenMP Will+ Str+6
                  | Dex+2}
 83569 | Zig:14   | Identified the +5 mace of the Thieving Ancients {vorpal,
                  | Will++ Stlth+}
 83573 | Zig:14   | Identified the +1 robe "Renith" {Dex+2}
 83574 | Zig:14   | Identified the Guide on the Glacier
 83586 | Zig:15   | Entered Level 15 of a ziggurat
 83600 | Zig:15   | Noticed an ancient lich
 83605 | Zig:15   | Noticed an ancient lich
 83619 | Zig:15   | Killed an ancient lich
 83624 | Zig:15   | Reached skill level 5 in Necromancy
 83624 | Zig:15   | Killed an ancient lich
 83627 | Zig:15   | Found the +9 staff of Wucad Mu {*channel}
 83750 | Zig:15   | Identified the ring "Upsan" {*Drain Will+ EV+4 Int+2}
 83794 | Zig:16   | Entered Level 16 of a ziggurat
 83822 | Zig:16   | Noticed Kos Ogen the pandemonium lord
 83822 | Zig:16   | Noticed Yfoil the pandemonium lord
 83822 | Zig:16   | Noticed Jaulygoi the pandemonium lord
 83822 | Zig:16   | Noticed Estaepn the pandemonium lord
 83823 | Zig:16   | Noticed Meli the pandemonium lord
 83824 | Zig:16   | Noticed Yrorat the pandemonium lord
 83825 | Zig:16   | Noticed Qoecvil the pandemonium lord
 83829 | Zig:16   | Killed Estaepn the pandemonium lord
 83846 | Zig:16   | Noticed Bote the pandemonium lord
 83848 | Zig:16   | Killed Yrorat the pandemonium lord
 83853 | Zig:16   | Killed Meli the pandemonium lord
 83854 | Zig:16   | Noticed Qunad the pandemonium lord
 83856 | Zig:16   | Found the ring of the Octopus King
 83858 | Zig:17   | Entered Level 17 of a ziggurat
 84059 | Zig:17   | Identified the ring of Soifawn {rN+ Will+ Str+3 Int+4}
 84063 | Zig:17   | Identified the +0 cloak of the World {+Inv rF+ Dex+3}
 84067 | Zig:17   | Identified the ring of Cutz {Str+6 Int+6}
 84071 | Zig:17   | Acquired the +2 buckler of Masochism {rElec Regen+ Int+4}
 84094 | Zig:18   | Entered Level 18 of a ziggurat
 84179 | Zig:18   | Found the -2 hat of the Alchemist {rElec rPois rF+ rC+ rN+
                  | Will+ rMut rCorr}
 84185 | Zig:18   | Identified Dutam's Reference Book on Mutagenic Enchantment
 84194 | Zig:18   | Identified the ring "Pionoahu" {Wiz Will+}
 84209 | Zig:19   | Entered Level 19 of a ziggurat
 84463 | Zig:19   | Found the +12 glaive of Prune {vorpal}
 84474 | Zig:19   | Identified the +4 halberd of Infinite Pain {flame, rN+}
 84476 | Zig:19   | Identified the amulet "Moqieh" {Acrobat +Inv}
 84483 | Zig:19   | Identified the ring "Zyhuth" {Ice +Inv rElec}
 84523 | Zig:19   | Identified the +6 mace of Precise Incision {vamp, rPois
                  | Dex+8}
 84532 | Zig:20   | Entered Level 20 of a ziggurat
 84551 | Zig:20   | Noticed an orb of fire
 84563 | Zig:20   | Killed an orb of fire
 84567 | Zig:20   | Noticed an orb of fire
 84571 | Zig:20   | Noticed an orb of fire
 84571 | Zig:20   | Noticed an orb of fire
 84571 | Zig:20   | Lost mutation: You expend magic power (3 MP) to strengthen
                  | your wands. [an orb of fire]
 84573 | Zig:20   | Killed an orb of fire
 84576 | Zig:20   | Killed an orb of fire
 84576 | Zig:20   | Noticed an orb of fire
 84577 | Zig:20   | Noticed an orb of fire
 84578 | Zig:20   | Noticed an orb of fire
 84578 | Zig:20   | Noticed an orb of fire
 84580 | Zig:20   | Killed an orb of fire
 84583 | Zig:20   | Noticed an orb of fire
 84587 | Zig:20   | Killed an orb of fire
 84587 | Zig:20   | Gained mutation: You do not regenerate when monsters are
                  | visible. [an orb of fire]
 84591 | Zig:20   | Killed an orb of fire
 84599 | Zig:20   | Killed an orb of fire
 84609 | Zig:20   | HP: 13/342 [fire dragon/blast of flame (9)]
 84633 | Zig:20   | Gained mutation: Armour fits poorly on your strangely
                  | shaped body. [an orb of fire]
 84635 | Zig:20   | Killed an orb of fire
 84636 | Zig:20   | Reached skill level 10 in Necromancy
 84640 | Zig:20   | HP: 14/342 [orb of fire/fireball (15)]
 84640 | Zig:20   | Killed from afar by a balrug

Illustrated notes

Levels and vault maps discovered:
D:1:      matt_arrival_spirals, layout_rooms
D:2:      minmay_roachtagon, layout_basic, nzn_hepliaklqana_mist_gate
D:3:      layout_loops_corners, grunt_temple_overflow_opulence,
          nzn_wu_jian_council_hall, uniq_natasha, uniq_crazy_yiuf_cottage,
          uniq_robin, uniq_terence
D:4:      layout_gridville, trog_eyes_of_draining,
          gammafunk_temple_overflow_pools, minmay_temple_entry_mist,
          minmay_diced_spiral
D:5:      cheibrodos_iron_armory, layout_basic, serial_shops, shop,
          st_stairs_11, uniq_menkaure
D:6:      layout_basic, grunt_temple_overflow_cloverleaf, uniq_maggie
D:7:      nzn_winding_woodlands_medium [nzn_winding_woodlands_5x5_checkerboard,
          nzn_winding_woodlands_5x15_lazy_stream,
          nzn_winding_woodlands_5x5_closed_star,
          nzn_winding_woodlands_hourglass,
          nzn_winding_woodlands_center_pierced_h,
          nzn_winding_woodlands_5x5_cross, nzn_winding_woodlands_5x5_open_star,
          nzn_winding_woodlands_5x15_zeroes,
          nzn_winding_woodlands_5x5_perimeter], layout_loops_ring,
          yredelemnul_forgotten_temple_becter, serial_shops, shop, st_stairs_7,
          supply_closet_lemuel
D:8:      layout_rooms, elyvilon_altar_5, hangedman_decor_lopped
D:9:      minmay_the_grid_triangle_9x9_rhombus_thin
          [minmay_the_grid_triangle_9x9_dagger,
          minmay_the_grid_triangle_9x9_prize_insulated,
          minmay_the_grid_triangle_9x9_checkered,
          minmay_the_grid_triangle_9x9_thin_v], layout_gridville
D:10:     minmay_goldmine, layout_irregular_city, lair_entry_dummy,
          hiddenorc1_lemuel, hangedman_decor_clover_reticule, uniq_snorg,
          uniq_erolcha, uniq_psyche
D:11:     layout_roguey, enter_bailey_5, serial_bayou_pond_a
D:12:     fort_yaktaur, layout_basic
D:13:     layout_basic, david_vaults_4, roderic_roman_lattice, minmay_radiant
D:14:     layout_small_grid, lemuel_blue_sif_altar,
          portal_ice_cave_entry_pillars_1, uniq_jorgrun, uniq_rupert,
          uniq_frances
D:15:     grunt_enter_depths_magical_seal, layout_irregular_city,
          gauntlet_entry_generic, serial_shops,
          nicolae_shop_temple_entry_statues_fountains, nicolae_shop_stone,
          shop_statue, shop_fountains, minmay_misc_feat_room, uniq_roxanne
Temple:   jpeg_temple_island
Lair:1:   layout_roguey, grunt_megastairs_5
Lair:2:   layout_cave_pods, grunt_megastairs_4, serial_bayou_shore_b,
          infiniplex_staircase_pool
Lair:3:   layout_small_grid, minmay_shoals_entry_lonely_mermaid,
          spider_nest_entry_rubble, grunt_forest_stairs_basic, uniq_gastronok
Lair:4:   beast_lair_carwin_large_4, layout_regular_city, wad_woods_06,
          chequers_serial_rivers_micro_e, patterned_corridor
Lair:5:   layout_layer_cave, lemuel_fruit_fields, serial_bayou_shore_a,
          uniq_josephine
Lair:6:   hangedman_lair_in_review, layout_cellular_growth,
          dpeg_slime_entry_enclosed_altar
Shoals:1: layout_shoals, lemuel_altar_in_water
Shoals:2: layout_shoals, uniq_polyphemus
Shoals:3: layout_shoals, nicolae_shoals_circle_sea_wall,
          wheals_shoals_ruined_temple
Shoals:4: shoals_end_hangedman, layout_shoals, nicolae_shoals_loop_pool
Spider:1: layout_spider_delve, drop_trap
Spider:2: layout_spider_delve, special_room [special_room_bee]
Spider:3: layout_spider_delve, nicolae_crawler_farm,
          hangedman_spider_tarantella_strand
Spider:4: grunt_spider_rune_parallel, uniq_arachne
Slime:1:  layout_caves
Slime:2:  layout_caves
Slime:3:  layout_caves
Slime:4:  layout_caves
Slime:5
Orc:1:    layout_caves, serial_shops, shop
Orc:2:    st_orc_elflike, layout_diamond_mine
Elf:1:    layout_geoelf_octagon, basic_altar, minmay_elf_demonology
Elf:2:    layout_geoelf_grid, serial_shops, shop_statue,
          amcnicky_mini_pool_small, guppyfry_library_mini, uniq_louise
Elf:3:    minmay_elf_hall_curves, layout_geoelf_octagon, serial_shops,
          nicolae_shop_behind_doors
Vaults:1: hangedman_vaults_nodes, grunt_vaults_hallway_long,
          ontoclasm_vaults_gateway, grunt_vaults_funnel, v_misc_24, v_rooms_6,
          v_misc_3, nicolae_vaults_big_angled_halls, vaults_room_fancy_cross,
          ontoclasm_vaults_bender, vaults_mumra_chevron,
          nicolae_vaults_display_case, layout_vaults_maze_bifur, serial_shops,
          shop, uniq_saint_roka
Vaults:2: nicolae_vaults_angled_halls, nicolae_vaults_three_branches,
          nicolae_vaults_windows_and_doors_thing, sword_in_stone,
          vaults_room_mumra_shop_pool, minmay_crypt_entry_nasty_monster,
          v_misc_10, nicolae_vaults_mini_display_case, layout_vaults_quadrants,
          serial_shops, shop
Vaults:3: ontoclasm_vaults_idyll, ontoclasm_vaults_tryst,
          nicolae_vaults_big_angled_halls, nicolae_vaults_twisting_passages,
          nicolae_vaults_rhombus_7, vaults_room_pool, gammafunk_sealed_arena,
          v_misc_31, nicolae_vaults_puzzle_piece, hangedman_vaults_stitches,
          ontoclasm_vaults_loading_screen, vaults_room_corners,
          nicolae_vaults_stairing_the_circle, nicolae_vaults_ring_of_whatevers,
          ontoclasm_vaults_decontamination, vaults_dpeg_ring,
          layout_vaults_big_cross
Vaults:4: dpeg_vaults_monster_row, v_misc_2, nicolae_vaults_angled_halls,
          nicolae_vaults_little_squares_2, vaults_mumra_minichess,
          vaults_room_fours, v_rooms_1, ontoclasm_vaults_eye, vaults_room_pool,
          nicolae_vaults_diagonal_hallway_7, layout_vaults_big_room,
          serial_shops, nicolae_shop_crystal
Vaults:5: serial_shops, uniq_bai_suzhen
Crypt:1:  layout_catacombs
Crypt:2:  layout_chaotic_city, nicolae_crypt_little_mausoleum, uniq_mennas,
          uniq_khufu
Crypt:3:  cryptofortress_bobbens
Tomb:1
Depths:1: layout_basic, hellmouth_3, minmay_misc_feat_iff, minivault_12,
          minmay_shop_grove, uniq_asterion, uniq_aizul
Depths:2: minmay_tile_spiral, layout_twisted_cross,
          chequers_serial_rivers_small_a, hell_entry,
          hangedman_abyss_entry_splay, nicolae_trove_entry_free_sample,
          roderic_cross_of_infinity, uniq_nikola, uniq_enchantress
Depths:3: minmay_angry_zag, layout_gridlike, rand_demon_pan_entry_4,
          abyss_entry, serial_shops, shop, grunt_decor_arrowhead, hell_entry,
          kennysheep_generic_room_10, minmay_shoptagon, uniq_margery,
          uniq_sojobo
Depths:4: grated_community_mu [grated_community_mu_vampire_home,
          grated_community_mu_giant_home, grated_community_mu_spellcaster_home,
          grated_community_mu_orcish_home, grated_community_mu_troll_home,
          grated_community_mu_taur_home, grated_community_mu_unbuilt_plot],
          layout_basic, enter_ziggurat_b, kennysheep_path_1, abyss_entry,
          grunt_mini_vestibule, hex_intersection, uniq_mara
Depths:5: grunt_zot_entry_funnels, layout_gridlike, abyss_entry, tso_metal_star,
          hellmouth_1, pan_entry
Hell
Zot:1:    gammafunk_dig_for_victory, layout_gridlike, grunt_ministairs_13,
          st_stairs_14, st_large_dragon_hoard_2
Zot:2:    layout_gridlike, st_small_dragon_hoard_5
Zot:3:    layout_gridlike, basic_altar, lemuel_elevator, grunt_megastairs_3
Zot:4:    grunt_zot_stairs_faceoff, layout_onion_interference
Zot:5:    layout_gridlike, hangedman_zot_decor_checkerboard, grunt_ministairs_3
Zig:20

Skill      XL: |  1  2  3  4  5  6  7  8  9 10 11 12 13 14 15 16 17 18 19 20 21 22 23 24 25 26 27 |
---------------+----------------------------------------------------------------------------------+-----
Transmutations | 3 4 5 6 7 9 10 12 13 14 15 17 18 20 21 22 23 24 25 27 | 27.0
Dodging        | 3 4 5 6 7 9 10 11 12 13 14 15 16 17 18 19 25 | 25.2
Unarmed Combat | 4 5 6 7 8 10 11 12 13 14 15 16 | 16.0
Poison Magic   | 1 2 6 8 9 10 11 | 11.0
Spellcasting   | 3 4 5 6 7 8 9 10 11 12 13 14 15 16 | 16.0
Invocations    | 1 2 3 5 6 7 8 9 10 11 12 13 14 16 18 26 | 26.2
Earth Magic    | 2 3 4 14 | 14.4
Fighting       | 3 5 6 8 9 10 11 12 13 14 16 21 | 21.3
Stealth        | 4 6 7 12 | 12.0
Evocations     | 4 5 6 12 | 12.3
Translocations | 8 13 16 17 | 17.9
Conjurations   | 9 |  9.5
Necromancy     | 10 | 10.0

Action                   |  1- 3 |  4- 6 |  7- 9 | 10-12 | 13-15 | 16-18 | 19-21 | 22-24 | 25-27 || total
-------------------------+-------+-------+-------+-------+-------+-------+-------+-------+-------++-------
Melee: Unarmed           |   153 |   265 |   263 |   377 |   697 |   988 |   912 |   844 |  2546 ||  7045
       Punch             |     5 |     3 |     2 |    15 |    75 |   113 |    50 |     8 |    44 ||   315
       Headbutt          |    12 |    26 |    14 |     3 |     2 |       |       |       |    73 ||   130
       Tailslap          |       |       |       |       |    14 |     1 |     2 |     1 |    36 ||    54
       Bite              |       |       |       |       |       |       |       |       |    17 ||    17
 Cast: Beastly Appendage |     7 |    18 |     6 |     1 |     1 |       |       |       |       ||    33
       Wereblood         |       |     1 |     2 |     3 |     1 |     1 |     3 |     4 |     6 ||    21
       Spider Form       |       |     8 |    18 |       |       |       |       |       |     1 ||    27
       Blade Hands       |       |       |     5 |    48 |    85 |    36 |     3 |     3 |     2 ||   182
       Petrify           |       |       |       |     8 |       |       |       |       |       ||     8
       Eringya's Noxious |       |       |       |       |     8 |       |       |       |     2 ||    10
       Statue Form       |       |       |       |       |       |    57 |    31 |     2 |    10 ||   100
       Alistair's Intoxi |       |       |       |       |       |     4 |     1 |       |     1 ||     6
       Hydra Form        |       |       |       |       |       |       |    48 |    87 |   142 ||   277
       Manifold Assault  |       |       |       |       |       |       |       |    66 |   180 ||   246
       Ignite Poison     |       |       |       |       |       |       |       |       |     3 ||     3
       Dragon Form       |       |       |       |       |       |       |       |       |    20 ||    20
       Irradiate         |       |       |       |       |       |       |       |       |     8 ||     8
Invok: Slouch            |       |       |       |       |    11 |     3 |    18 |     2 |    19 ||    53
       Bend Time         |       |       |       |       |     1 |       |       |       |       ||     1
       Step From Time    |       |       |       |       |     1 |       |     2 |     2 |     8 ||    13
       Temporal Distorti |       |       |       |       |       |     3 |       |       |     5 ||     8
 Abil: End Transformatio |       |       |       |     1 |       |       |     4 |       |     3 ||     8
       Evoke Blink       |       |       |       |       |       |       |       |       |     6 ||     6
Evoke: Wand              |       |     1 |     8 |     1 |       |       |     2 |     1 |     1 ||    14
       Box of beasts     |       |       |       |       |     1 |       |       |       |       ||     1
       Tin of tremorston |       |       |       |       |       |       |     2 |       |     5 ||     7
       Lightning rod     |       |       |       |       |       |       |       |       |     2 ||     2
       Condenser vane    |       |       |       |       |       |       |       |       |     2 ||     2
  Use: Scroll            |       |     6 |     2 |     9 |     5 |     5 |     3 |     3 |    30 ||    63
       Potion            |       |     3 |     1 |     9 |       |       |    10 |     1 |    54 ||    78
 Stab: Sleeping          |       |       |     3 |     4 |     3 |     8 |     9 |    11 |    15 ||    53
       Distracted        |       |       |     1 |     2 |     1 |     2 |     4 |     1 |    11 ||    22
       Petrified         |       |       |       |     7 |     2 |       |       |       |     8 ||    17
       Petrifying        |       |       |       |     1 |       |       |       |       |     8 ||     9
       Confused          |       |       |       |       |       |     3 |     1 |       |    12 ||    16
       Held in net/web   |       |       |       |       |       |       |     1 |       |       ||     1
Armor: Robe              |    43 |    24 |    10 |       |       |       |       |       |     3 ||    80
       Skin              |       |     1 |     3 |    34 |       |   150 |   205 |    92 |   335 ||   820
       Steam dragon scal |       |       |    16 |    16 |       |       |       |       |       ||    32
       Quicksilver drago |       |       |       |    35 |    89 |    34 |     9 |    14 |       ||   181
       Acid dragon scale |       |       |       |       |       |       |       |       |    19 ||    19
Dodge: Dodged            |   130 |   200 |   296 |   465 |  1023 |  1582 |  1791 |   933 |  3488 ||  9908
Block: Other             |       |       |       |       |       |       |       |       |   449 ||   449
       Buckler           |       |       |       |       |       |       |       |       |     8 ||     8
       Reflection        |       |       |       |       |       |       |       |       |     4 ||     4

Table legend: (Time is in decaauts)
 A = Elapsed time spent in this place.
 B = Non-inter-level travel time spent in this place.
 C = Inter-level travel time spent in this place.
 D = Time resting spent in this place.
 E = Time spent auto-exploring this place.
 F = Levels seen in this place.
 G = Mean time per level.
                   A        B        C        D        E       F      G
               +--------+--------+--------+--------+--------+-----+--------+
         Total | 125632 | 114031 |  11601 |  12054 |  80231 |  86 | 1460.8 |
       Dungeon |  31027 |  28093 |   2934 |   6003 |  18270 |  15 | 2068.5 |
        Temple |    480 |    415 |     65 |      0 |    406 |   1 |  480.0 |
          Lair |  14617 |  13245 |   1372 |    875 |  11086 |   6 | 2436.2 |
        Shoals |   6820 |   6493 |    327 |    707 |   4622 |   4 | 1705.0 |
   Spider Nest |   5440 |   4905 |    535 |    405 |   3521 |   4 | 1360.0 |
    Slime Pits |   2252 |   2091 |    161 |    443 |    942 |   5 |  450.4 |
  Orcish Mines |   2958 |   2473 |    485 |     87 |   2014 |   2 | 1479.0 |
   Elven Halls |   9257 |   8856 |    401 |   1121 |   5788 |   3 | 3085.7 |
        Vaults |  14409 |  12094 |   2315 |    240 |  10024 |   5 | 2881.8 |
         Crypt |   6529 |   6029 |    500 |     64 |   4891 |   3 | 2176.3 |
          Tomb |     21 |     21 |      0 |      0 |     10 |   1 |   21.0 |
        Depths |  13377 |  11577 |   1800 |    442 |   8888 |   5 | 2675.4 |
          Hell |   1147 |   1130 |     17 |     31 |    713 |   1 | 1147.0 |
           Zot |   9455 |   8770 |    685 |    113 |   7094 |   5 | 1891.0 |
         Abyss |   1345 |   1345 |      0 |      6 |    586 |   2 |  672.5 |
      Ziggurat |   3211 |   3211 |      0 |    767 |    411 |  20 |  160.6 |
         Trove |     75 |     75 |      0 |      0 |      0 |   1 |   75.0 |
        Bailey |   1084 |   1084 |      0 |    117 |    511 |   1 | 1084.0 |
      Ice Cave |   1173 |   1173 |      0 |    412 |     92 |   1 | 1173.0 |
      Gauntlet |    946 |    946 |      0 |    218 |    355 |   1 |  946.0 |
               +--------+--------+--------+--------+--------+-----+--------+

Top non-repeatable levels by time:
Depths:4: 4092 daAuts
   Elf:2: 3510 daAuts
Vaults:2: 3431 daAuts
    D:10: 3348 daAuts
   Elf:3: 3277 daAuts
Depths:2: 3166 daAuts
Vaults:3: 3075 daAuts
    D:12: 2951 daAuts
    D:15: 2907 daAuts
Vaults:1: 2838 daAuts
  Lair:5: 2776 daAuts
  Lair:6: 2773 daAuts
     D:2: 2695 daAuts
     D:9: 2648 daAuts
 Crypt:1: 2628 daAuts
